 Dungeon Crawl Stone Soup version 5.2-56-g927a965 (webtiles) character file.

156 wolfsongas the Chopper (level 6, -1/84 HPs)
             Began as a Minotaur Fighter on Feb 25, 2018.
             Succumbed to a gnoll's poison
             ... on level 4 of the Dungeon.
             The game lasted 00:03:42 (2545 turns).

wolfsongas the Chopper (Minotaur Fighter)           Turns: 2545, Time: 00:03:43

Health: -1/84      AC: 23 (48%)Str: 26  XL:     6   Next: 56%
Magic:  5/5        EV:  2    Int: 10    God:
Gold:   190        SH: 16    Dex: 11    Spells: 5/5 levels left

rFire    . . .     SeeInvis .   a - +0 war axe
rCold    + . .     Faith    .   j - +1 large shield {rC+}
rNeg     + + +     Spirit   .   (armour currently unavailable)
rPois    +         Reflect  .   (helmet currently unavailable)
rElec    .         NoTele   +   (cloak currently unavailable)
rCorr    .                      (gloves currently unavailable)
MR       .....                  (boots currently unavailable)
Stlth    +.........             (no amulet)
Regen    0.3/turn               (no ring)
MPRegen  0.2/turn               (no ring)

@: mighty, brilliant, lethally poisoned (-1 -> -11), exhausted, tree-form,
slowed, invisible, very slow
A: (retaliatory headbutt)
a: no special abilities


You were on level 4 of the Dungeon.
You were not hungry.
You were a tree.
You visited 1 branch of the dungeon, and saw 4 of its levels.

You collected 190 gold pieces.

Inventory:

Hand Weapons
 a - a +0 war axe (weapon)
Missiles
 f - 247 bolts
 g - 868 stones (quivered)
 i - 116 arrows
 q - 69 poisoned darts
Armour
 b - a +0 scale mail (melded)
 c - a +0 shield
 j - a +1 large shield of cold resistance (worn)
 r - a +0 pair of gloves (melded)
Scrolls
 l - 2 scrolls of teleportation
 m - a scroll of magic mapping
 n - a scroll of enchant weapon
 o - a scroll of fog
 p - a scroll of fear
Potions
 k - a potion of lignification


   Skills:
 + Level 5.1 Fighting
 * Level 5.7 Axes
 + Level 5.0 Armour
 + Level 5.1 Shields


You had 5 spell levels left.
You didn't know any spells.

Dungeon Overview and Level Annotations

Branches:
Dungeon (4/15)

Altars:
Dithmenos
Kikubaaqudgha
Nemelex Xobeh
Sif Muna
Vehumet
Yredelemnul


Innate Abilities, Weirdness & Mutations

((You reflexively headbutt those who attack you in melee.))
((You have a pair of horns on your head.))


Message History

There is a lethal amount of poison in your body!
You feel very mighty all of a sudden.
You feel clever all of a sudden.
* * * LOW HITPOINT WARNING * * *
You feel sick.
You turn into a tree.
Your +0 pair of gloves melds into your body.
Your +0 scale mail melds into your body.
Your roots penetrate the ground.
* * * LOW HITPOINT WARNING * * *
You feel sick.
There is a lethal amount of poison in your body!
There is a lethal amount of poison in your body!
Okay, then.
Sorry, you're not good enough to have a special ability.
Okay, then.
You feel mightier all of a sudden.
You feel more clever all of a sudden.
* * * LOW HITPOINT WARNING * * *
You feel sick.
You fade into invisibility!
You die...

######### #
#.......# #.
#.......#### ###.
#............
#....#.......#####
#....#......$..#
#..............#
#....#.♣.........
#$.. #)).......###
................#
................#
................#
....##...........
.... #.#########.
... #. .. ##


There were no monsters in sight!

Vanquished Creatures
  A hound (D:4)
  An orc priest (D:3)
  An orc wizard (D:3)
  5 worker ants (D:3)
  An iguana (D:3)
  7 gnolls
  4 adders
  3 dart slugs
  6 orcs (D:3)
  3 quokkas
  6 bats
  2 giant cockroaches (D:1)
  2 gnoll zombies (D:3)
  2 goblins (D:1)
  8 hobgoblins
  7 jackals (D:3)
  9 kobolds
  A ball python (D:1)
  3 frilled lizards
  11 rats
83 creatures vanquished.

Notes
Turn   | Place    | Note
-------+----------+-------------------------------------------
     0 | D:1      | wolfsongas the Minotaur Fighter began the quest for the Orb.
     0 | D:1      | Reached XP level 1. HP: 19/19 MP: 0/0
   269 | D:1      | Reached XP level 2. HP: 27/27 MP: 1/1
   869 | D:2      | Found a sparkling altar of Nemelex Xobeh.
   935 | D:2      | Reached XP level 3. HP: 33/33 MP: 2/2
  1154 | D:2      | Found a deep blue altar of Sif Muna.
  1298 | D:2      | Found an ancient bone altar of Kikubaaqudgha.
  1353 | D:3      | Reached XP level 4. HP: 27/40 MP: 3/3
  1514 | D:3      | Reached XP level 5. HP: 44/47 MP: 4/4
  1804 | D:3      | Reached skill level 5 in Axes
  1974 | D:3      | Reached XP level 6. HP: 45/55 MP: 5/5
  2044 | D:3      | Reached skill level 5 in Fighting
  2080 | D:3      | Found a shadowy altar of Dithmenos.
  2196 | D:3      | Found a radiant altar of Vehumet.
  2227 | D:3      | Found a basalt altar of Yredelemnul.
  2382 | D:3      | Reached skill level 5 in Shields
  2394 | D:3      | Found a faded altar of an unknown god.
  2529 | D:4      | Reached skill level 5 in Armour
  2543 | D:4      | HP: 2/84 [poisoned by a gnoll]
  2545 | D:4      | Succumbed to a gnoll's poison

Skill      XL: |  1  2  3  4  5  6 |
---------------+-------------------+-----
Axes           | 3 4 5 |  5.7
Fighting       | 4 5 |  5.1
Armour         | 4 5 |  5.0
Shields        | 4 5 |  5.1

Action                   |  1- 3 |  4- 6 || total
-------------------------+-------+-------++-------
Melee: War axe           |   112 |   132 ||   244
       Headbutt          |    19 |    21 ||    40
  Use: Potion            |       |     5 ||     5
Armor: Scale mail        |    42 |    59 ||   101
Dodge: Dodged            |    20 |    14 ||    34
Block: Shield            |    13 |       ||    13
       Large shield      |    83 |   119 ||   202
